 Dungeon Crawl Stone Soup version 0.19.0-1-g5985abe (webtiles) character file.

241 Ladykiller69 the Slasher (level 5, -1/36 HPs)
             Began as a High Elf Skald on Nov 2, 2016.
             Slain by a goblin
             ... wielding a +0 dagger
             ... led by Robin
              (2 damage)
             ... on level 2 of the Dungeon.
             The game lasted 00:12:42 (2720 turns).

Ladykiller69 the Slasher (High Elf Skald)           Turns: 2720, Time: 00:12:43

Health: -1/36      AC:  4    Str:  9 (11) XL:     5   Next: 80%
Magic:  2/10       EV: 12    Int: 17 (18) God:
Gold:   65         SH:  0    Dex: 15      Spells: 4 memorised, 2 levels left

rFire  . . .     SeeInvis .     a - +1 falchion
rCold  . . .     Gourm    .     b - +0 leather armour
rNeg   . . .     Faith    .     (no shield)
rPois  .         Spirit   .     (no helmet)
rElec  .         Reflect  .     (no cloak)
rCorr  .         Harm     .     l - +0 pair of gloves (curse)
MR     .....     Rnd*Rage +     (no boots)
Stlth  +.........               (no amulet)
                                (no ring)
                                (no ring)

@: shrouded, very slightly contaminated
A: berserk 1, clever 1
a: no special abilities


You were on level 2 of the Dungeon.
You were hungry.

You visited 1 branch of the dungeon, and saw 3 of its levels.

You collected 65 gold pieces.

Inventory:

Hand Weapons
 a - a +1 falchion (weapon)
Missiles
 f - 22 stones (quivered)
Armour
 b - a +0 leather armour (worn)
 l - a cursed +0 pair of gloves (worn)
Jewellery
 i - a cursed ring of loudness {unknown}
 o - an uncursed ring of magical power {unknown}
Scrolls
 k - a scroll of magic mapping {unknown}
 m - 2 scrolls of random uselessness {unknown}
 r - a scroll of noise {unknown}
 t - a scroll of amnesia {unknown}
 w - a scroll of identify {unknown}
Potions
 e - 2 potions of degeneration
Books
 c - a book of Battle

   Spells                             Type                      Level
   a - Infusion                       Charms                       1
   b - Shroud of Golubria             Charms/Translocation         2
   c - Song of Slaying                Charms                       2
   d - Spectral Weapon                Hexes/Charms                 3
   e - Regeneration                   Charms/Necromancy            3
 q - a book of Minor Magic

   Spells                             Type                      Level
   a - Magic Dart                     Conjuration                  1
   b - Blink                          Translocation                2
   c - Call Imp                       Summoning                    2
   d - Repel Missiles                 Charms/Air                   2
   e - Slow                           Hexes                        2
   f - Conjure Flame                  Conjuration/Fire             3
   g - Mephitic Cloud                 Conjuration/Poison/Air       3
Comestibles
 d - 2 bread rations
 g - a chunk of flesh
 p - 2 slices of pizza


   Skills:
 + Level 3.0 Fighting
 * Level 4.9 Long Blades
 - Level 1.1 Armour
 + Level 2.3 Dodging
 - Level 3.2 Spellcasting
 + Level 1.4 Hexes
 - Level 4.2 Charms


You had 2 spell levels left.
You knew the following spells:

 Your Spells              Type           Power        Failure   Level  Hunger
a - Infusion              Chrm           ###.         4%          1    None
b - Shroud of Golubria    Chrm/Tloc      #.........   17%         2    ##.....
c - Repel Missiles        Chrm/Air       #.....       17%         2    ##.....
d - Spectral Weapon       Hex/Chrm       ##......     24%         3    ###....


Dungeon Overview and Level Annotations

Branches:
Dungeon (3/15)

Altars:

Annotations:
D:2 Robin


Innate Abilities, Weirdness & Mutations

You tend to lose your temper in combat.
Your mind is acute. (Int +2)


Message History

Confirm with . or Enter, or press ? or * to list all spells.
You miscast Shroud of Golubria.
You are very lightly contaminated with residual magic.
Your skin tingles.
The goblin hits you but does no damage. The goblin hits you with a dagger.
* * * LOW HITPOINT WARNING * * *
The goblin closely misses you.
Casting: Shroud of Golubria
Confirm with . or Enter, or press ? or * to list all spells.
You miscast Shroud of Golubria.
Waves of light ripple over your body. The goblin hits you but does no damage.
The goblin hits you with a dagger.
* * * LOW HITPOINT WARNING * * *
The goblin hits you but does no damage.
Unknown command.
Casting: Shroud of Golubria
Confirm with . or Enter, or press ? or * to list all spells.
Space distorts slightly along a thin shroud covering your body.
You are feeling hungry.
The goblin hits you with a dagger.
You die...

#..รท..# #.# #.##.##
##.############ #.##.#
##.............# #.##.#
##...##########.###### #.##.#
##.........# #.##..)g ##.##.#
#....g..##.#####.##)### .).##.#
#....g...........)..#
#####.#####...gg####.#####.####
..............gg@# #.# #.#
############.###g# #.# #.# ####
#.# #.# #.# #.###... #.#
#.###.#####.......
#.###................#
#.........############
###########


You could see 3 hobgoblins and 4 goblins.

Vanquished Creatures
  A scorpion (D:3)
  A crimson imp (D:3)
  An orc wizard (D:2)
  5 adders
  4 oozes
  An adder skeleton (D:3)
  A worm (D:2)
  A dart slug (D:1)
  3 leopard geckos
  8 bats
  5 giant cockroaches
  8 goblins
  3 hobgoblins
  4 jackals (D:2)
  9 kobolds
  A quokka (D:2)
  2 ball pythons (D:3)
  A frilled lizard (D:2)
  5 rats
64 creatures vanquished.

Notes
Turn   | Place    | Note
-------+----------+-------------------------------------------
     0 | D:1      | Ladykiller69 the High Elf Skald began the quest for the Orb.
     0 | D:1      | Reached XP level 1. HP: 14/14 MP: 4/4
    11 | D:1      | Reached skill level 1 in Armour
   129 | D:1      | Reached XP level 2. HP: 19/19 MP: 6/6
   135 | D:1      | Learned a level 2 spell: Shroud of Golubria
   497 | D:1      | Reached XP level 3. HP: 24/24 MP: 2/7
   773 | D:2      | Learned a level 2 spell: Repel Missiles
   923 | D:2      | Noticed Robin
  1128 | D:2      | Reached XP level 4. HP: 22/30 MP: 7/9
  1852 | D:3      | Learned a level 3 spell: Spectral Weapon
  1899 | D:3      | Gained mutation: Your mind is acute. (Int +2) [potion of mutation]
  1899 | D:3      | Gained mutation: You tend to lose your temper in combat. [potion of mutation]
  1928 | D:3      | Reached XP level 5. HP: 11/36 MP: 7/10
  2264 | D:2      | Reached skill level 1 in Hexes
  2719 | D:2      | HP: 1/36 [goblin/dagger[Robin] (3)]
  2720 | D:2      | Slain by a goblin

Skill      XL: |  1  2  3  4  5 |
---------------+----------------+-----
Armour         | 1 |  1.1
Long Blades    | 3 4 |  4.9
Charms         | 4 |  4.2
Spellcasting   | 3 |  3.2
Dodging        | 2 |  2.3
Hexes          | 1 |  1.4
Fighting       | 3 |  3.0

Action                   |  1- 3 |  4- 6 || total
-------------------------+-------+-------++-------
Melee: Falchion          |   137 |   156 ||   293
 Cast: Infusion          |     6 |     1 ||     7
       Shroud of Golubri |    12 |    19 ||    31
  Use: Potion            |       |     6 ||     6
       Scroll            |       |     1 ||     1
  Eat: Chunk             |     2 |     6 ||     8
Armor: Leather armour    |    35 |    41 ||    76
       Skin              |       |    19 ||    19
Dodge: Dodged            |    92 |   110 ||   202
       Rpst.: Falchion   |    31 |    27 ||    58
